 Dungeon Crawl Stone Soup version 0.22-a0-605-g9281fa2 (webtiles) character file.

7101 Hebeh the Thaumaturge (level 10, 0/64 HPs)
             Began as a Deep Elf Fire Elementalist on July 8, 2018.
             Slain by a gnoll (1 damage)
             ... on level 9 of the Dungeon.
             The game lasted 01:29:17 (14570 turns).

Hebeh the Thaumaturge (Deep Elf Fire Elementalist) Turns: 14570, Time: 01:29:20

Health: 0/64       AC: 10    Str:  5    XL:     10   Next: 84%
Magic:  14/26      EV: 14    Int: 24    God:
Gold:   445        SH:  3    Dex: 15    Spells: 4/29 levels left

rFire    . . .     SeeInvis .   a - +2 quarterstaff (crush)
rCold    . . .     Gourm    .   (shield currently unavailable)
rNeg     . . .     Faith    .   C - +0 robe
rPois    +         Spirit   .   (no helmet)
rElec    .         Reflect  +   A - +0 cloak
rCorr    .         Harm     .   j - +2 pair of gloves
MR       +....                  B - +0 pair of boots
Stlth    +++.......             F - +3 amulet of reflection
HPRegen  0.20/turn              u - +3 ring of protection
MPRegen  0.20/turn              H - ring of poison resistance

@: no status effects
A: no striking features
a: no special abilities


You were on level 9 of the Dungeon.
You were not hungry.

You visited 3 branches of the dungeon, and saw 11 of its levels.

You collected 445 gold pieces.

Inventory:

Hand Weapons
 a - a +2 quarterstaff of crushing (weapon)
 b - a +0 hunting sling
 f - a +0 short sword
Missiles
 p - 89 sling bullets
 r - 7 javelins (quivered)
Armour
 j - a +2 pair of gloves (worn)
 q - a +0 buckler
 A - a +0 cloak (worn)
 B - a +0 pair of boots (worn)
 C - a +0 robe (worn)
Jewellery
 g - an uncursed ring of protection from cold
 k - an uncursed ring of resist corrosion
 m - an uncursed amulet of guardian spirit
 u - a +3 ring of protection (left hand)
 y - a +5 ring of slaying
 F - a +3 amulet of reflection (around neck)
 H - a ring of poison resistance (right hand)
 I - an uncursed ring of fire
Wands
 x - a wand of acid (5)
 E - a wand of digging (13)
 G - a wand of random effects (14)
 L - a wand of flame (16)
 M - a wand of clouds (6)
Scrolls
 l - 3 scrolls of remove curse
 n - 4 scrolls of teleportation
 o - a scroll of enchant armour
 v - a scroll of fear {unknown}
 w - 7 scrolls of identify
 D - 2 scrolls of fog {unknown}
 K - a scroll of magic mapping
Potions
 e - a potion of flight {unknown}
 h - 3 potions of curing
 i - a potion of resistance {unknown}
 s - 3 potions of might {unknown}
 t - a potion of ambrosia {unknown}
 z - 3 potions of heal wounds {unknown}
 J - a potion of lignification {unknown}
 N - a potion of cancellation {unknown}
 O - a potion of magic {unknown}
Comestibles
 c - 16 rations


   Skills:
 + Level 7.9 Fighting
 - Level 4.0 Dodging
 - Level 4.3 Stealth
 + Level 10.1 Spellcasting
 + Level 8.7 Conjurations
 + Level 2.1 Hexes
 + Level 8.8 Fire Magic


You had 4 spell levels left.
You knew the following spells:

 Your Spells              Type           Power        Failure   Level  Hunger
a - Flame Tongue          Conj/Fire      #####        1%          1    None
b - Throw Flame           Conj/Fire      ######       1%          2    None
c - Conjure Flame         Conj/Fire      ######..     1%          3    None
d - Sticky Flame          Conj/Fire      ######..     1%          4    #......
e - Inner Flame           Hex/Fire       #####...     1%          3    None
f - Fireball              Conj/Fire      ######....   4%          5    ####...
g - Apportation           Tloc           ##....       5%          1    None
h - Stone Arrow           Conj/Erth      ####..       2%          3    None
i - Confuse               Hex            ###.....     6%          3    None

Your spell library contained the following spells:

 Spells                   Type           Power        Failure   Level  Hunger
 Summon Small Mammal      Summ           ##..         5%          1    None
 Animate Skeleton         Necr           N/A          5%          1    None
 Confusing Touch          Hex            ###...       2%          1    None
 Passwall                 Tmut/Erth      ##......     8%          2    None
 Metabolic Englaciation   Hex/Ice        ###.......   67%         5    ####...
 Lee's Rapid Deconstruct  Erth           ##........   82%         5    ####...
 Sandblast                Erth           ##....       5%          1    None
 Petrify                  Tmut/Erth      ##......     45%         4    #......
 Gell's Gravitas          Tloc           ##........   16%         3    None
 Yara's Violent Unravell  Hex/Tmut       ###.......   67%         5    ####...


Dungeon Overview and Level Annotations

Branches:
Dungeon (9/15)             Temple (1/1) D:6            Lair (1/6) D:9
    Orc: D:9-12

Altars:
Ashenzari
Cheibriados
Dithmenos
Elyvilon
Fedhas
Gozag
Hepliaklqana
Kikubaaqudgha
Makhleb
Nemelex Xobeh
Okawaru
Qazlal
Ru
Sif Muna
Trog
Uskayaw
Wu Jian
Xom
Yredelemnul
Zin
The Shining One

Shops:
D:4 %   D:9 [


Message History

The gnoll is lightly wounded.
The adder bites you but does no damage. You block the adder's attack.
The gnoll sergeant hits you from afar with a trident.
* * * LOW HITPOINT WARNING * * *
Throwing (i - inventory. (/) - cycle)
d - a javelin of penetration (quivered)
Press: ? - help, Shift-Dir - straight line, f/p - gnoll sergeant
Aim: a gnoll sergeant, wielding a trident, wearing a ring mail and wearing a shield (severely wounded)
You throw a javelin of penetration.
The javelin of penetration pierces through the adder.
The adder is lightly wounded.
The javelin of penetration pierces through the gnoll sergeant.
The gnoll sergeant is severely wounded.
The adder bites you.
* * * LOW HITPOINT WARNING * * *
The gnoll hits you.
* * * LOW HITPOINT WARNING * * *
The gnoll sergeant closely misses you. The adder bites you.
* * * LOW HITPOINT WARNING * * *
The gnoll hits you but does no damage. The gnoll hits you.
You die...

#.............#
#.......#####)#
#.......#...#)#
.........#...#.#
#.........#...'.#
#.........#...#.######.
.........#...#........
........##'##.......#
.......@Sg....(.....#
........gg..........#
....................#
....................#
.....................
........###..#...#...
###.....# ..###.###..
#.....#.... .. ..


You could see a gnoll sergeant, 2 gnolls and an adder.

Vanquished Creatures
  A hydra (D:8)
  A two-headed ogre (D:8)
  A komodo dragon (D:9)
  A troll (D:9)
  Grinder (D:3)
  2 dream sheep (D:8)
  6 yaks
  2 hungry ghosts (D:8)
  2 water moccasins
  3 orc warriors
  A sky beast (D:7)
  2 phantoms (D:9)
  2 necrophages
  3 ogres
  3 centaurs
  2 big kobolds (D:8)
  4 bullfrogs
  A wyvern zombie (D:9)
  A scorpion (D:4)
  A water moccasin skeleton (D:7)
  7 killer bees
  5 wights
  2 howler monkeys
  4 crimson imps
  A quasit (D:8)
  A bullfrog skeleton (D:6)
  2 hounds
  3 orc priests
  An iron imp (D:5)
  6 orc wizards
  A centaur skeleton (D:9)
  6 iguanas
  4 worker ants
  A hound zombie (D:7)
  10 gnolls
  8 adders
  An adder skeleton (D:8)
  2 adder zombies
  3 worms
  2 dart slugs
  A leopard gecko (D:4)
  35 orcs
  9 bats
  9 giant cockroaches
  14 goblins
  6 hobgoblins
  9 jackals
  3 quokkas
  A ball python (D:1)
  2 frilled lizards
  A goblin skeleton (D:5)
  A goblin zombie (D:5)
  3 hobgoblin zombies (D:5)
  A jackal skeleton (D:8)
  8 kobolds
  A kobold zombie (D:5)
  A leopard gecko skeleton (D:8)
  A leopard gecko zombie (D:8)
  An orc skeleton (D:5)
  A quokka skeleton (D:6)
  8 rats
226 creatures vanquished.

Vanquished Creatures (others)
  4 plants
4 creatures vanquished.

Grand Total: 230 creatures vanquished

Notes
Turn   | Place    | Note
-------+----------+-------------------------------------------
     0 | D:1      | Hebeh the Deep Elf Fire Elementalist began the quest for the Orb.
     0 | D:1      | Reached XP level 1. HP: 10/10 MP: 6/6
   376 | D:1      | Reached XP level 2. HP: 15/15 MP: 4/8
   501 | D:1      | Learned a level 2 spell: Throw Flame
  1154 | D:2      | Reached XP level 3. HP: 19/19 MP: 0/9
  1722 | D:2      | Found a sacrificial altar of Ru.
  2012 | D:3      | Learned a level 3 spell: Conjure Flame
  2028 | D:3      | Reached XP level 4. HP: 24/24 MP: 7/11
  2566 | D:3      | Reached XP level 5. HP: 28/28 MP: 8/12
  2600 | D:3      | Reached skill level 4 in Spellcasting
  2811 | D:3      | Noticed Grinder
  2813 | D:3      | Paralysed by Grinder for 7 turns
  2944 | D:3      | Paralysed by Grinder for 5 turns
  2952 | D:3      | Killed Grinder
  2952 | D:3      | Reached XP level 6. HP: 24/32 MP: 1/14
  4468 | D:4      | Reached skill level 1 in Fighting
  4468 | D:4      | Reached XP level 7. HP: 10/38 MP: 0/16
  4742 | D:4      | Reached skill level 5 in Spellcasting
  5073 | D:4      | Found Jexzoegg's Food Emporium.
  5319 | D:5      | Entered Level 5 of the Dungeon
  5498 | D:5      | Reached skill level 5 in Fire Magic
  5879 | D:5      | Reached skill level 5 in Conjurations
  6239 | D:5      | Found a glowing golden altar of the Shining One.
  6489 | D:6      | Found a white marble altar of Elyvilon.
  6719 | D:6      | Reached XP level 8. HP: 42/45 MP: 13/18
  6794 | D:6      | Reached skill level 6 in Spellcasting
  7738 | D:6      | Found a glowing silver altar of Zin.
  7989 | D:6      | Found a staircase to the Ecumenical Temple.
  7999 | Temple   | Entered the Ecumenical Temple
  8250 | D:7      | Learned a level 4 spell: Sticky Flame
  8398 | D:7      | Reached skill level 7 in Spellcasting
  8856 | D:7      | Reached XP level 9. HP: 53/53 MP: 2/21
  9115 | D:7      | Reached skill level 5 in Fighting
 10036 | D:8      | Learned a level 3 spell: Inner Flame
 10042 | D:8      | Learned a level 5 spell: Fireball
 10044 | D:8      | Learned a level 1 spell: Apportation
 10936 | D:8      | Reached skill level 8 in Spellcasting
 11042 | D:8      | Learned a level 3 spell: Stone Arrow
 11123 | D:8      | Noticed a three-headed hydra
 11131 | D:8      | Killed a three-headed hydra
 11131 | D:8      | Reached XP level 10. HP: 5/61 MP: 17/24
 11146 | D:8      | Reached skill level 9 in Spellcasting
 11991 | D:8      | Noticed a two-headed ogre
 11999 | D:8      | HP: 3/63 [two-headed ogre/giant club (18)]
 12000 | D:8      | Killed a two-headed ogre
 12918 | D:9      | Found Ziez's Armour Shoppe.
 13241 | D:9      | Found a staircase to the Lair.
 13252 | Lair:1   | Entered Level 1 of the Lair of Beasts
 13610 | D:9      | Learned a level 3 spell: Confuse
 14062 | D:9      | Reached skill level 1 in Hexes
 14069 | D:9      | Reached skill level 10 in Spellcasting
 14567 | D:9      | HP: 3/64 [poisoned by an adder]
 14570 | D:9      | HP: 1/64 [adder (1)]
 14570 | D:9      | Slain by a gnoll

Vault maps used:
D:1:      ebering_trefoil_twist, minmay_misc_feat_diagonals
D:2:      lemuel_round_altar
D:3:      first_ration, uniq_grinder
D:4:      serial_shops, shop
D:5:      nicolae_tso_besieged_by_evil
D:6:      elyvilon_altar_5, kennysheep_mini_moat, minmay_temple_entry_fiery,
          kennysheep_generic_room_14
D:7:      serial_bayou, serial_bayou_shore_b, serial_bayou_crossing,
          serial_bayou_pond_a, serial_bayou_pond_e
D:8:      hangedman_ranch, hangedman_decor_slide_cut
D:9:      vehumet_crystals, david_lair_shrubbed, serial_shops, shop
Temple:   compressed_dpeg_circular_temple
Lair:1:   kennysheep_snail_temple

Skill      XL: |  1  2  3  4  5  6  7  8  9 10 |
---------------+-------------------------------+-----
Stealth        | 3 4 |  4.3
Conjurations   | 2 3 4 5 6 7 8 |  8.7
Dodging        | 3 4 |  4.0
Fire Magic     | 4 5 6 7 8 |  8.8
Spellcasting   | 4 5 7 8 10 | 10.1
Fighting       | 1 2 4 6 7 |  7.9
Hexes          | 2 |  2.1

Action                   |  1- 3 |  4- 6 |  7- 9 | 10-12 || total
-------------------------+-------+-------+-------+-------++-------
Melee: Short sword       |     5 |     5 |    74 |       ||    84
       Quarterstaff      |       |       |    42 |    11 ||    53
Throw: Javelin           |       |       |     2 |     2 ||     4
 Cast: Flame Tongue      |    46 |    80 |   198 |   152 ||   476
       Throw Flame       |    26 |    34 |    45 |    37 ||   142
       Conjure Flame     |       |     5 |     9 |     3 ||    17
       Inner Flame       |       |       |     3 |       ||     3
       Stone Arrow       |       |       |     1 |     2 ||     3
       Apportation       |       |       |     1 |       ||     1
       Confuse           |       |       |       |     1 ||     1
  Use: Scroll            |     2 |     4 |     1 |       ||     7
       Potion            |       |       |       |     1 ||     1
  Eat: Chunk             |     4 |     8 |    10 |     7 ||    29
       Ration            |       |       |     3 |     2 ||     5
Armor: Robe              |     1 |     4 |    48 |    30 ||    83
Dodge: Dodged            |    10 |    16 |   139 |    86 ||   251
Block: Other             |       |       |     2 |    17 ||    19

Table legend:
 A = Spawn XP
 B = Non-spawn XP
 C = Spawn XP percentage of total XP
 D = Spawn monster count
 E = Non-spawn monster count
 F = Spawn count percentage of total count
 G = Total turns spent on level
                    A         B        C        D         E        F      G
               +---------+---------+-------+---------+---------+-------+---------
         Total |       0 |   10145 |   0.0 |       0 |     226 |   0.0 | 14570
               +---------+---------+-------+---------+---------+-------+---------
           D:1 |       0 |      33 |   0.0 |       0 |      20 |   0.0 |  1061
           D:2 |       0 |      62 |   0.0 |       0 |      20 |   0.0 |   951
           D:3 |       0 |     482 |   0.0 |       0 |      43 |   0.0 |  2185
           D:4 |       0 |     391 |   0.0 |       0 |      12 |   0.0 |  1253
           D:5 |       0 |     347 |   0.0 |       0 |      17 |   0.0 |  1228
           D:6 |       0 |     923 |   0.0 |       0 |      22 |   0.0 |  1810
           D:7 |       0 |    1191 |   0.0 |       0 |      31 |   0.0 |  1914
           D:8 |       0 |    4078 |   0.0 |       0 |      35 |   0.0 |  2400
           D:9 |       0 |    2496 |   0.0 |       0 |      25 |   0.0 |  1534
        Lair:1 |       0 |     142 |   0.0 |       0 |       1 |   0.0 |   120
               +---------+---------+-------+---------+---------+-------+---------
